cohdb
Replays
Latest Replays
All Replays
Popular Replays
Top Player Replays
Match Explorer
How It Works
Community
CoH3 Stats
Reddit
Sign in to upload your games and track your stats! →
Sign in with Steam
Match 42988916
Unlisted
Match 42988916
Overview
Messages
Build Orders
End
Scout Squad
Construct Barracks
Riflemen Squad
Riflemen Squad
Riflemen Squad
Construct Medical Station
Construct Weapon Support Center
Infantry Support Center
M1918 Browning Automatic Rifles
Bazooka Squad
Engineer Squad
Grenade Package
Riflemen Squad
Bazooka Squad
Selects Armored Battlegroup
Selects Fast Deploy
Selects Seek and Destroy
Selects UNKNOWN (2160077)
Selects Veteran Crews
Selects Field Repairs
Construct Tank Depot
Selects War Machine
M4A3E8 Sherman Easy Eight
Kikastis
desertBeliever
0
0
Comments
sign in to comment!
No comments posted yet!